 Dungeon Crawl Stone Soup version 0.17.1-2-g5865329 (webtiles) character file.

156 Peloso the Shield-Bearer (level 5, -5/46 HPs)
             Began as a Minotaur Fighter on Feb 15, 2016.
             Slain by an ogre
             ... wielding a +0 giant club
              (14 damage)
             ... on level 4 of the Dungeon.
             The game lasted 00:09:07 (2223 turns).

Peloso the Shield-Bearer (Minotaur Fighter)         Turns: 2223, Time: 00:09:07

Health: -5/46      AC:  9    Str: 21    XL:     5   Next: 14%
Magic:  4/4        EV:  6    Int:  5    God:
Gold:   76         SH: 14    Dex: 10    Spells: 0 memorised, 4 levels left

rFire  + . .     SeeInvis .     a - +0 long sword
rCold  . . .     Clarity  .     b - +0 scale mail
rNeg   . . .     SustAt   .     A - +0 large shield
rPois  .         Gourm    .     (helmet restricted)
rElec  .         Spirit   .     n - +0 cloak
rCorr  .         Warding  .     h - +0 pair of gloves
rMut   .         Stasis   .     (no boots)
MR     .....                    (no amulet)
Stlth  ..........               y - +4 ring of slaying
                                q - ring of protection from fire

@: not resistant to hostile enchantments, extremely unstealthy
A: retaliatory headbutt, horns 2
a: no special abilities


You were on level 4 of the Dungeon.
You were not hungry.

You visited 1 branch of the dungeon, and saw 4 of its levels.

You collected 76 gold pieces.

Inventory:

Hand Weapons
 a - a +0 long sword (weapon)
Armour
 b - a +0 scale mail (worn)
 c - a +0 shield
 h - a +0 pair of gloves (worn)
 n - a +0 cloak (worn)
 A - a +0 large shield (worn)
Jewellery
 q - a ring of protection from fire (left hand)
 v - an uncursed ring of ice
 y - a +4 ring of slaying (right hand)
Wands
 B - a wand of slowing (20)
Scrolls
 f - 7 scrolls of remove curse {unknown}
 g - a scroll of fear {unknown}
 i - 2 scrolls of random uselessness {unknown}
 j - 2 scrolls of magic mapping {unknown}
 k - a scroll of enchant armour {unknown}
 l - 4 scrolls of identify {unknown}
 r - a scroll of blinking {unknown}
 t - a scroll of noise {unknown}
 w - a scroll of teleportation {unknown}
Potions
 d - a potion of might
 m - 2 potions of curing {unknown}
 o - 2 potions of mutation {unknown}
 u - a potion of haste {unknown}
 x - 6 potions of heal wounds {unknown}
 D - a potion of flight {unknown}
 E - a potion of lignification {unknown}
Comestibles
 e - 3 bread rations
 p - 2 meat rations
 s - a slice of pizza
 z - a beef jerky
 C - 4 chunks of flesh


   Skills:
 + Level 4.2 Fighting
 + Level 3.1 Long Blades
 + Level 4.6 Armour
 + Level 2.1 Dodging
 + Level 0.1 Stealth
 + Level 4.9 Shields


You had 4 spell levels left.
You didn't know any spells.

Dungeon Overview and Level Annotations

Branches:
Dungeon (4/15)
 Temple: D:4-7

Altars:

Shops:
D:4 }


Innate Abilities, Weirdness & Mutations

You reflexively headbutt those who attack you in melee.
You have a pair of horns on your head.


Message History

An ogre comes into view. It is wielding a giant club.
The ogre shouts!
An ogre is nearby!
You feel sick.
You are no longer poisoned.
The ogre hits you with a giant club!
* * * LOW HITPOINT WARNING * * *
Found a robe.
The ogre hits you with a giant club.
* * * LOW HITPOINT WARNING * * *
The ogre hits you with a giant club.
* * * LOW HITPOINT WARNING * * *
You open the door. You block the ogre's attack.
There is an open door here.
The ogre hits you with a giant club!
* * * LOW HITPOINT WARNING * * *
There is an open door here.
There is an open door here.
The ogre hits you with a giant club!
You die...

...+.....#...#....+ #...
...##....##..#....# #...
...##....##..#....#####
......#..##..###......#
.........+.....+......#####
....#.∩.##.....#..........#
...##....##....#.......(..#
...##.#..##....#######....#
..........#....O@....#....#
..........#..........#....#
.........##..######..#....#
.........######.###..#....# ###
.....................#....####...
....................+...........
........##..######..#...........
........##..###.##..#...........
....................#...........


You could see an ogre.

Vanquished Creatures
  A worker ant (D:4)
  4 gnolls (D:3)
  2 adders
  2 oozes (D:2)
  2 worms
  An adder skeleton (D:4)
  2 giant geckos
  2 orcs (D:3)
  A giant cockroach (D:3)
  6 goblins
  8 hobgoblins
  A ball python (D:4)
  9 bats
  2 giant newts (D:2)
  8 kobolds
  A quokka (D:4)
  7 rats
59 creatures vanquished.

Notes
Turn   | Place    | Note
--------------------------------------------------------------
     0 | D:1      | Peloso the Minotaur Fighter began the quest for the Orb.
     0 | D:1      | Reached XP level 1. HP: 19/19 MP: 0/0
   107 | D:1      | Reached XP level 2. HP: 18/27 MP: 1/1
   162 | D:1      | Reached skill level 4 in Fighting
   600 | D:2      | Reached XP level 3. HP: 33/33 MP: 2/2
  1532 | D:3      | Reached XP level 4. HP: 40/40 MP: 3/3
  1615 | D:3      | Reached skill level 1 in Dodging
  2012 | D:4      | Found Vuatuoss's Gadget Boutique.
  2068 | D:4      | Reached XP level 5. HP: 37/46 MP: 4/4
  2098 | D:4      | Noticed an ogre
  2169 | D:4      | HP: 1/46 [ogre/giant club (11)]
  2223 | D:4      | Slain by an ogre

Action                   |  1- 3 |  4- 6 || total
-------------------------+-------+-------++-------
Melee: Long sword        |   100 |    41 ||   141
  Eat: Chunk             |     2 |     2 ||     4
